 Dungeon Crawl Stone Soup version 0.21.1-1-g345015fe64 (webtiles) character file.

3741 Gargoyl the Chopper (level 9, -2/75 HPs)
             Began as a Centaur Abyssal Knight on Apr 13, 2018.
             Was an Elder of Lugonu.
             Killed from afar by a lindwurm (7 damage)
             ... with a blast of flame
             ... on level 8 of the Dungeon.
             The game lasted 00:17:30 (9467 turns).

Gargoyl the Chopper (Centaur Abyssal Knight)        Turns: 9467, Time: 00:17:31

Health: -2/75      AC: 14    Str: 15    XL:     9   Next: 93%
Magic:  13/13      EV:  2    Int: 11    God:    Lugonu [****..]
Gold:   26         SH:  0    Dex: 12    Spells: 8/8 levels left

rFire    + . .     SeeInvis .   q - +2 hand axe (chop)
rCold    + . .     Gourm    .   (no shield)
rNeg     . . .     Faith    .   B - +2 plate armour {rC+}
rPois    .         Spirit   .   k - +1 helmet
rElec    .         Reflect  .   (no cloak)
rCorr    +         Harm     .   (no gloves)
MR       .....                  (no barding)
Stlth    ..........             y - amulet of rage
HPRegen  0.22/turn              h - ring of resist corrosion
MPRegen  0.13/turn              l - ring of protection from fire

@: drained, very quick
A: large, hooves 3, deformed body, speed 2, tough skin 3
a: Depart the Abyss, Bend Space, Banish, Corrupt, Renounce Religion, Evoke
Berserk Rage


You were on level 8 of the Dungeon.
You worshipped Lugonu.
Lugonu was greatly pleased with you.
You were hungry.

You visited 1 branch of the dungeon, and saw 8 of its levels.
You visited the Abyss 1 time.
You also visited: Sewer.

You collected 506 gold pieces.
You spent 480 gold pieces at shops.

Inventory:

Hand Weapons
 a - a +2 hand axe
 g - a +0 battleaxe
 q - a +2 hand axe of chopping (weapon)
 z - a +0 broad axe
Missiles
 f - 5 tomahawks (quivered)
Armour
 k - a +1 helmet (worn)
 B - a +2 plate armour of cold resistance (worn)
Jewellery
 h - a ring of resist corrosion (left hand)
 l - a ring of protection from fire (right hand)
 y - an amulet of rage (around neck)
Wands
 w - a wand of enslavement (16)
 x - a wand of polymorph (16)
Scrolls
 j - 4 scrolls of remove curse
 n - 2 scrolls of identify
 r - a scroll of teleportation
 t - 2 scrolls of amnesia
Potions
 b - a potion of flight
 e - a potion of agility
 i - a potion of curing
 m - 5 potions of haste
 p - a potion of might
 s - a potion of magic
Books
 o - a book of Necromancy

   Spells                             Type                      Level
   a - Pain                           Necromancy                   1
   b - Animate Skeleton               Necromancy                   1
   c - Vampiric Draining              Necromancy                   3
   d - Regeneration                   Charms/Necromancy            3
   e - Animate Dead                   Necromancy                   4
   f - Borgnjor's Vile Clutch         Necromancy/Earth             5
 v - a book of Changes

   Spells                             Type                      Level
   a - Beastly Appendage              Transmutation                1
   b - Sticks to Snakes               Transmutation                2
   c - Spider Form                    Transmutation/Poison         3
   d - Ice Form                       Ice/Transmutation            4
   e - Blade Hands                    Transmutation                5
Comestibles
 c - 18 rations


   Skills:
 + Level 6.0(4.9) Fighting
 + Level 7.3(6.1) Axes
 + Level 1.3(0.3) Throwing
 * Level 7.0(5.9) Armour
 + Level 1.1(0.1) Dodging
 * Level 6.4(5.2) Invocations
 + Level 0.1(0.0) Evocations


You had 8 spell levels left.
You didn't know any spells.

Dungeon Overview and Level Annotations

Branches:
Dungeon (8/15)             Temple (0/1) D:5
   Lair: D:8-11

Altars:
Ashenzari
Cheibriados
Gozag
Hepliaklqana
Kikubaaqudgha
Trog
Vehumet
Wu Jian
Yredelemnul

Shops:
D:8 *

Annotations:
D:8 Joseph; Xenomina's ghost, novice HuFi


Innate Abilities, Weirdness & Mutations

You have hooves in place of feet.
Armour fits poorly on your strangely shaped body.
You cover ground very quickly.
You have extremely tough skin. (AC +3)


Message History

Aim: a lindwurm (moderately wounded, chance to defeat MR: 70%)
You fail to use your ability.
The lindwurm bites you but does no damage.
The lindwurm claws you but does no damage. x2
Press: ? - help, Shift-Dir - straight line, f/p - lindwurm
Aim: a lindwurm (moderately wounded, chance to defeat MR: 70%)
You fail to use your ability.
The lindwurm bites you.
* * * LOW HITPOINT WARNING * * *
The lindwurm claws you but does no damage. x2
Press: ? - help, Shift-Dir - straight line, f/p - lindwurm
Aim: a lindwurm (moderately wounded, chance to defeat MR: 70%)
You fail to use your ability.
The lindwurm bites you but does no damage.
The lindwurm claws you but does no damage. x2
Press: ? - help, Shift-Dir - straight line, f/p - lindwurm
Aim: a lindwurm (moderately wounded, chance to defeat MR: 70%)
You fail to use your ability.
The lindwurm breathes flames at you. The blast of flame hits you! You resist.
You die...

#. #.# .. #†#
########## #.#
#.....<..# #.#
#.####.#.# #.#
#.#....#.# #.#
#.#.#..#.# #.#
#.#.####.# #k#
#.#......# #@#
#.###########.#
#.............#
###############


You could see a lindwurm.

Vanquished Creatures
  Pikel (D:6)
  A hippogriff (D:7)
  A human (D:7)
  4 hogs (D:7)
  The ghost of Dox the Shield-Bearer, an amateur GrFi (D:3)
  4 sky beasts
  An orc warrior (D:7)
  Purgy (Sewer)
  2 black bears (D:8)
  An eye of draining (D:8)
  A phantom (D:5)
  A centaur (D:5)
  A big kobold (D:8)
  A bullfrog (D:6)
  A wyvern zombie (D:7)
  A scorpion (D:5)
  A howler monkey (D:5)
  2 crimson imps
  A centaur zombie (D:5)
  3 hounds
  A jelly (D:6)
  A quasit (D:6)
  A gnoll shaman (D:7)
  2 orc priests
  A bullfrog skeleton (D:6)
  5 orc wizards
  5 worker ants
  A hound skeleton (D:7)
  11 gnolls
  14 adders
  An adder zombie (D:8)
  2 adder skeletons
  3 worms
  2 dart slugs (D:1)
  8 leopard geckos
  15 orcs
  13 bats
  9 giant cockroaches
  6 goblins
  6 hobgoblins
  11 jackals
  13 kobolds
  2 quokkas
  3 ball pythons
  3 frilled lizards
  A leopard gecko skeleton (D:5)
  6 rats
176 creatures vanquished.

Vanquished Creatures (others)
  2 slaves (D:7)
  An ogre (D:6)
  A human (D:3)
  A bullfrog skeleton (D:7)
  An orc wizard (D:7)
  A worker ant (D:7)
  A hound zombie (D:7)
  An adder (D:8)
  A shadow imp (D:7)
  3 orcs (D:7)
  A giant cockroach (D:7)
14 creatures vanquished.

Grand Total: 190 creatures vanquished

Notes
Turn   | Place    | Note
-------+----------+-------------------------------------------
     0 | Abyss:1  | Gargoyl the Centaur Abyssal Knight began the quest for the Orb.
     0 | Abyss:1  | Reached XP level 1. HP: 19/19 MP: 2/2
   136 | Abyss:3  | Noticed a wretched star
   137 | D:1      | Escaped the Abyss
   141 | D:1      | Noticed an electric eel
   350 | D:1      | Reached XP level 2. HP: 26/26 MP: 3/3
   382 | D:1      | Reached * piety under Lugonu
   911 | D:1      | Reached XP level 3. HP: 30/31 MP: 4/4
  1556 | D:2      | Reached XP level 4. HP: 29/38 MP: 5/5
  1588 | D:2      | Found a basalt altar of Yredelemnul.
  2151 | D:3      | Found a glowing drain.
  2189 | Sewer    | Entered a sewer
  2193 | Sewer    | Reached ** piety under Lugonu
  2218 | Sewer    | Reached XP level 5. HP: 16/45 MP: 7/7
  2426 | Sewer    | Noticed Purgy
  2441 | Sewer    | Killed Purgy
  2653 | D:3      | Reached XP level 6. HP: 49/51 MP: 8/8
  2691 | D:3      | Found a hazy altar of Hepliaklqana.
  2812 | D:3      | Found an ancient bone altar of Kikubaaqudgha.
  2822 | D:3      | Found a radiant altar of Vehumet.
  2874 | D:3      | Noticed a human
  2879 | D:3      | Killed a human
  3066 | D:3      | Noticed Dox's ghost (amateur GrFi)
  3087 | D:3      | Killed Dox's ghost
  3744 | D:4      | Found a snail-covered altar of Cheibriados.
  3879 | D:4      | Found a shattered altar of Ashenzari.
  3963 | D:4      | Found an ornate altar of the Wu Jian Council.
  4100 | D:4      | Reached XP level 7. HP: 38/59 MP: 9/9
  4772 | D:5      | Entered Level 5 of the Dungeon
  4909 | D:5      | Reached skill level 1 in Dodging
  5276 | D:5      | Found a staircase to the Ecumenical Temple.
  5415 | D:5      | Reached skill level 5 in Axes
  5415 | D:5      | Reached XP level 8. HP: 54/67 MP: 11/11
  5434 | D:5      | Reached *** piety under Lugonu
  6487 | D:6      | Reached skill level 1 in Throwing
  6804 | D:6      | Reached skill level 5 in Fighting
  7060 | D:6      | Found an opulent altar of Gozag.
  7149 | D:7      | Noticed Pikel
  7163 | D:6      | Killed Pikel
  7163 | D:6      | Reached skill level 5 in Armour
  7163 | D:6      | Reached skill level 5 in Invocations
  7231 | D:7      | Reached XP level 9. HP: 70/74 MP: 12/12
  7884 | D:7      | Found a bloodstained altar of Trog.
  7926 | D:7      | Reached **** piety under Lugonu
  8952 | D:8      | Found Arhoomm's General Store.
  8962 | D:8      | Bought a +2 plate armour of cold resistance for 480 gold pieces
  8979 | D:8      | Noticed Joseph
  9027 | D:8      | Noticed Xenomina's ghost (novice HuFi)
  9423 | D:8      | Noticed a two-headed ogre
  9458 | D:8      | Noticed a lindwurm
  9458 | D:8      | a two-headed ogre changed into a lindwurm
  9467 | D:8      | Killed from afar by a lindwurm

Skill      XL: |  1  2  3  4  5  6  7  8  9 |
---------------+----------------------------+-----
Axes           | 2 3 4 5 6 7 |  7.3
Armour         | 2 3 4 5 7 |  7.0
Invocations    | 3 4 5 6 |  6.4
Fighting       | 4 5 6 |  6.0
Dodging        | 1 |  1.1
Throwing       | 1 |  1.3
Evocations     | |  0.1

Action                   |  1- 3 |  4- 6 |  7- 9 || total
-------------------------+-------+-------+-------++-------
Melee: Hand axe          |   116 |   158 |   384 ||   658
       Kick              |    19 |    35 |   107 ||   161
Throw: Tomahawk          |       |       |     3 ||     3
Invok: Depart the Abyss  |     1 |       |       ||     1
       Banish            |       |       |     1 ||     1
 Abil: Evoke Berserk Rag |       |       |     1 ||     1
Evoke: Wand              |       |       |     3 ||     3
  Use: Scroll            |     5 |     7 |    11 ||    23
       Potion            |     4 |     1 |     6 ||    11
  Eat: Chunk             |     1 |     7 |     9 ||    17
       Ration            |       |       |     2 ||     2
Armor: Plate armour      |   165 |   209 |   380 ||   754
Dodge: Dodged            |     9 |    40 |    62 ||   111
